TOP OF THE 1ST |
Hamilton Coyotes batting - Pitching for Sioux Falls Red Pandas : RHP José Campos
|
Pitching: RHP José Campos
|
|
Batting: RHB Ben Daniel
|
0-0: Ground out 5-3 (Groundball, 5)
|
Batting: RHB Vicente Toro
|
0-0: Ball 1-0: Called Strike 1-1: Foul Ball, location: 2F 1-2: Foul Ball, location: 2F 1-2: Foul Ball, location: 2F 1-2: Foul Ball, location: 2F 1-2: Ball 2-2: Foul Ball, location: 2F 2-2: Strikes out swinging
|
Batting: RHB Ron Clark
|
0-0: Ball 1-0: Ground out 6-3 (Groundball, 6)
|
Top of the 1st over - 0 run(s), 0 hit(s), 0 error(s), 0 left on base; Hamilton 0 - Sioux Falls 0 |
BOTTOM OF THE 1ST |
Sioux Falls Red Pandas batting - Pitching for Hamilton Coyotes : RHP Jason Jackson
|
Pitching: RHP Jason Jackson
|
|
Batting: RHB Rubén Marino
|
0-0: Called Strike 0-1: Foul Ball, location: 2F 0-2: Strikes out swinging
|
Batting: RHB Pancho Salaedo
|
0-0: Called Strike 0-1: Foul Ball, location: 2F 0-2: Ball 1-2: Ball 2-2: Ball 3-2: Base on Balls
|
Batting: LHB Steve Riggs
|
0-0: Ball 1-0: Ball 2-0: Ball 3-0: Base on Balls Pancho Salaedo to second
|
Batting: RHB Jesús Martínez
|
0-0: Ball 1-0: Ball 2-0: Called Strike 2-1: Foul Ball, location: 2F 2-2: Ball 3-2: Grounds into double play, 6-4-3 (Groundball, 6)
|
Bottom of the 1st over - 0 run(s), 0 hit(s), 0 error(s), 1 left on base; Hamilton 0 - Sioux Falls 0 |
TOP OF THE 2ND |
Hamilton Coyotes batting - Pitching for Sioux Falls Red Pandas : RHP José Campos
|
Batting: RHB Héctor Rojas
|
0-0: Ball 1-0: Called Strike 1-1: Called Strike 1-2: Ball 2-2: Fly out, F8 (Flyball, 89M)
|
Batting: LHB Ralph Dunford
|
0-0: Foul Ball, location: 2F 0-1: Ball 1-1: Ground out 1-3 (Groundball, 15S)
|
Batting: LHB Lance Schiffer
|
0-0: Ball 1-0: Ball 2-0: Fly out, F7 (Flyball, 8LS)
|
Top of the 2nd over - 0 run(s), 0 hit(s), 0 error(s), 0 left on base; Hamilton 0 - Sioux Falls 0 |
BOTTOM OF THE 2ND |
Sioux Falls Red Pandas batting - Pitching for Hamilton Coyotes : RHP Jason Jackson
|
Batting: LHB Francisco Ornelas
|
0-0: DOUBLE (Groundball, 3L)
|
Batting: LHB Albert González
|
0-0: Swinging Strike 0-1: Ball 1-1: Fly out, F7 (Flyball, 7M)
|
Batting: RHB Miguel Márquez
|
0-0: Ball 1-0: Foul Ball, location: 2F 1-1: Called Strike 1-2: Ball 2-2: Reached on error, E4 (Groundball, 4) Francisco Ornelas to third
|
Batting: RHB Eduardo Sánchez
|
0-0: Ball 1-0: Grounds into double play, U6-3 (Groundball, 6M)
|
Bottom of the 2nd over - 0 run(s), 1 hit(s), 1 error(s), 1 left on base; Hamilton 0 - Sioux Falls 0 |
TOP OF THE 3RD |
Hamilton Coyotes batting - Pitching for Sioux Falls Red Pandas : RHP José Campos
|
Batting: RHB Dan Holliday
|
0-0: Ball 1-0: Fly out, F8 (Flyball, 8RM)
|
Batting: RHB Dan Bernard
|
0-0: Ground out 6-3 (Groundball, 6)
|
Batting: RHB Sam Horton
|
0-0: Ball 1-0: Called Strike 1-1: Called Strike 1-2: Foul Ball, location: 2F 1-2: Foul Ball, location: 2F 1-2: Foul Ball, location: 2F 1-2: SINGLE (Groundball, 6MD)
|
Batting: RHB Ben Daniel
|
0-0: Ball 1-0: Ball 2-0: Ball 3-0: Called Strike 3-1: SINGLE (Groundball, 4D) Sam Horton to second Runner from 2nd tries for 3rd, SAFE, throw made to third Ben Daniel to second
|
Batting: RHB Vicente Toro
|
0-0: Swinging Strike 0-1: Foul Ball, location: 2F 0-2: Ball 1-2: SINGLE (Line Drive, 6MD) Sam Horton scores Ben Daniel to third Runner from 3rd tries for Home, SAFE, no throw or cutoff
|
Batting: RHB Ron Clark
|
0-0: Called Strike 0-1: Called Strike 0-2: Foul Ball, location: 2F 0-2: Foul Ball, location: 2F 0-2: Ball 1-2: Foul Ball, location: 2F 1-2: Strikes out swinging
|
Top of the 3rd over - 2 run(s), 3 hit(s), 0 error(s), 1 left on base; Hamilton 2 - Sioux Falls 0 |
BOTTOM OF THE 3RD |
Sioux Falls Red Pandas batting - Pitching for Hamilton Coyotes : RHP Jason Jackson
|
Batting: SHB Juan Brito
|
0-0: Ball 1-0: Ball 2-0: Ball 3-0: Base on Balls
|
Batting: RHB Rubén Marino
|
0-0: Ball 1-0: Swinging Strike 1-1: Ball 2-1: Fielders Choice at 2nd, 5-4 (Groundball, 56)
|
Batting: RHB Pancho Salaedo
|
0-0: Foul Ball, location: 2F 0-1: Fly out, F9 (Flyball, 9S)
|
Batting: LHB Steve Riggs
|
0-0: Ball 1-0: Ball 2-0: Fly out, F8 (Flyball, 8RM)
|
Bottom of the 3rd over - 0 run(s), 0 hit(s), 0 error(s), 1 left on base; Hamilton 2 - Sioux Falls 0 |
TOP OF THE 4TH |
Hamilton Coyotes batting - Pitching for Sioux Falls Red Pandas : RHP José Campos
|
Batting: RHB Héctor Rojas
|
0-0: Ball 1-0: Fly out, F9 (Line Drive, 9LS)
|
Batting: LHB Ralph Dunford
|
0-0: Foul Ball, location: 2F 0-1: Fly out, F6 (Popup, 56)
|
Batting: LHB Lance Schiffer
|
0-0: Ball 1-0: Ball 2-0: Swinging Strike 2-1: Called Strike 2-2: Strikes out swinging
|
Top of the 4th over - 0 run(s), 0 hit(s), 0 error(s), 0 left on base; Hamilton 2 - Sioux Falls 0 |
BOTTOM OF THE 4TH |
Sioux Falls Red Pandas batting - Pitching for Hamilton Coyotes : RHP Jason Jackson
|
Batting: RHB Jesús Martínez
|
0-0: Called Strike 0-1: Called Strike 0-2: Ball 1-2: Fly out, F5 (Line Drive, 5)
|
Batting: LHB Francisco Ornelas
|
0-0: Foul Ball, location: 2F 0-1: Ball 1-1: DOUBLE (Line Drive, 8LS)
|
Batting: LHB Albert González
|
0-0: Ball 1-0: Foul Ball, location: 2F 1-1: Swinging Strike 1-2: Foul Ball, location: 2F 1-2: Ball 2-2: Ball 3-2: SINGLE (Line Drive, 7S) Francisco Ornelas to third Runner from 3rd tries for Home, SAFE, throw made home Albert González to second
|
Batting: RHB Miguel Márquez
|
0-0: Ball 1-0: Ball 2-0: Called Strike 2-1: Foul Ball, location: 2F 2-2: Fly out, F4 (Popup, 34D)
|
Batting: RHB Eduardo Sánchez
|
0-0: Ball 1-0: Ball 2-0: Foul Ball, location: 2F 2-1: Called Strike 2-2: Hit by Pitch
|
Batting: SHB Juan Brito
|
0-0: Called Strike 0-1: Called Strike 0-2: Foul Ball, location: 2F 0-2: Strikes out swinging
|
Bottom of the 4th over - 1 run(s), 2 hit(s), 0 error(s), 2 left on base; Hamilton 2 - Sioux Falls 1 |
TOP OF THE 5TH |
Hamilton Coyotes batting - Pitching for Sioux Falls Red Pandas : RHP José Campos
|
Batting: RHB Dan Holliday
|
0-0: Called Strike 0-1: Ball 1-1: Swinging Strike 1-2: Strikes out looking
|
Batting: RHB Dan Bernard
|
0-0: Ball 1-0: Ground out 5-3 (Groundball, 5)
|
Batting: RHB Sam Horton
|
0-0: Called Strike 0-1: Ball 1-1: Fly out, F8 (Line Drive, 8LM)
|
Top of the 5th over - 0 run(s), 0 hit(s), 0 error(s), 0 left on base; Hamilton 2 - Sioux Falls 1 |
BOTTOM OF THE 5TH |
Sioux Falls Red Pandas batting - Pitching for Hamilton Coyotes : RHP Jason Jackson
|
Batting: RHB Rubén Marino
|
0-0: Foul Ball, location: 2F 0-1: Swinging Strike 0-2: Ball 1-2: Ball 2-2: Foul Ball, location: 2F 2-2: Ball 3-2: Base on Balls
|
Batting: RHB Pancho Salaedo
|
0-0: Ball 1-0: Foul Ball, location: 2F 1-1: Ball 2-1: Fly out, F8 (Flyball, 8LXD)
|
Batting: LHB Steve Riggs
|
0-0: Ball 1-0: Ground out 5-3 (Groundball, 56S) Rubén Marino to second
|
Batting: RHB Jesús Martínez
|
0-0: Swinging Strike 0-1: Ball 1-1: Foul Ball, location: 2F 1-2: Strikes out swinging
|
Bottom of the 5th over - 0 run(s), 0 hit(s), 0 error(s), 1 left on base; Hamilton 2 - Sioux Falls 1 |
TOP OF THE 6TH |
Hamilton Coyotes batting - Pitching for Sioux Falls Red Pandas : RHP José Campos
|
Batting: RHB Ben Daniel
|
0-0: Called Strike 0-1: Ball 1-1: Ball 2-1: Foul Ball, location: 2F 2-2: Ball 3-2: SINGLE (Groundball, 56D)
|
Batting: RHB Vicente Toro
|
0-0: Called Strike 0-1: Ball 1-1: Ball 2-1: Fly out, F8 (Flyball, 8LD)
|
Batting: RHB Ron Clark
|
0-0: Called Strike 0-1: Foul Ball, location: 2F 0-2: Ball Balk! Ben Daniel to second 1-2: Ball 2-2: SINGLE (Line Drive, 8LS) Ben Daniel to third
|
Batting: RHB Héctor Rojas
|
0-0: Ball 1-0: Called Strike 1-1: Swinging Strike 1-2: Ball 2-2: Foul Ball, location: 2F 2-2: Foul Ball, location: 2F 2-2: Foul Ball, location: 2F 2-2: Ball 3-2: Strikes out swinging
|
Pitching: LHP Roberto Aguirre
|
|
Batting: LHB Ralph Dunford
|
0-0: Ball 1-0: Called Strike 1-1: Called Strike 1-2: Strikes out swinging
|
Top of the 6th over - 0 run(s), 2 hit(s), 0 error(s), 2 left on base; Hamilton 2 - Sioux Falls 1 |
BOTTOM OF THE 6TH |
Sioux Falls Red Pandas batting - Pitching for Hamilton Coyotes : RHP Jason Jackson
|
Batting: LHB Francisco Ornelas
|
0-0: Ball 1-0: Ball 2-0: Called Strike 2-1: Foul Ball, location: 2F 2-2: Strikes out looking
|
Batting: LHB Albert González
|
0-0: Called Strike 0-1: Ball 1-1: Fly out, F2 (Popup, 2RF)
|
Batting: RHB Miguel Márquez
|
0-0: Foul Ball, location: 2F 0-1: Ball 1-1: Ball 2-1: Ball 3-1: Foul Ball, location: 2F 3-2: Foul Ball, location: 2F 3-2: Ground out 5-3 (Groundball, 56S)
|
Bottom of the 6th over - 0 run(s), 0 hit(s), 0 error(s), 0 left on base; Hamilton 2 - Sioux Falls 1 |
TOP OF THE 7TH |
Hamilton Coyotes batting - Pitching for Sioux Falls Red Pandas : LHP Roberto Aguirre
|
Batting: LHB Lance Schiffer
|
0-0: Ball 1-0: Ball 2-0: Foul Ball, location: 2F 2-1: Ball 3-1: Fly out, F7 (Flyball, 7M)
|
Batting: RHB Dan Holliday
|
0-0: Ball 1-0: Foul Ball, location: 2F 1-1: Called Strike 1-2: Ground out 4-3 (Groundball, 4M)
|
Batting: RHB Dan Bernard
|
0-0: Called Strike 0-1: Foul Ball, location: 2F 0-2: Ball 1-2: SINGLE (Line Drive, 7S)
|
Pinch Hitting: RHB Monty Sharp
|
0-0: Ball 1-0: Ball 2-0: Called Strike 2-1: Ball 3-1: Swinging Strike 3-2: Base on Balls Dan Bernard to second
|
Pinch Hitting: RHB Jack O'Brien
|
0-0: Swinging Strike 0-1: Called Strike 0-2: Ball 1-2: Ball 2-2: Strikes out swinging
|
Top of the 7th over - 0 run(s), 1 hit(s), 0 error(s), 2 left on base; Hamilton 2 - Sioux Falls 1 |
BOTTOM OF THE 7TH |
Sioux Falls Red Pandas batting - Pitching for Hamilton Coyotes : RHP Jason Jackson
|
Now at 3B: Jim Unknown
|
|
Now in LF: Monty Sharp
|
|
Batting: RHB Eduardo Sánchez
|
0-0: Ball 1-0: Called Strike 1-1: Fly out, F7 (Flyball, 7M)
|
Batting: SHB Juan Brito
|
0-0: Called Strike 0-1: Ball 1-1: Ball 2-1: Ball 3-1: Base on Balls
|
Pitching: RHP Clarence Ramsey
|
|
Pinch Hitting: RHB Kazunori Ito
|
0-0: Called Strike 0-1: Foul Ball, location: 2F 0-2: SINGLE (Line Drive, 78S) Juan Brito to second
|
Batting: RHB Pancho Salaedo
|
0-0: Ball 1-0: Ball 2-0: Ball 3-0: Base on Balls Juan Brito to third Kazunori Ito to second
|
Batting: LHB Steve Riggs
|
0-0: Called Strike 0-1: Fly out, F7 (Flyball, 78S)
|
Batting: RHB Jesús Martínez
|
0-0: Called Strike 0-1: Foul Ball, location: 2F 0-2: Foul Ball, location: 2F 0-2: Ball 1-2: Strikes out swinging
|
Bottom of the 7th over - 0 run(s), 1 hit(s), 0 error(s), 3 left on base; Hamilton 2 - Sioux Falls 1 |
TOP OF THE 8TH |
Hamilton Coyotes batting - Pitching for Sioux Falls Red Pandas : LHP Roberto Aguirre
|
Now at 3B: Kazunori Ito
|
|
Batting: RHB Vicente Toro
|
0-0: Ball 1-0: Called Strike 1-1: SINGLE (Line Drive, 6MD)
|
Batting: RHB Ron Clark
|
0-0: Swinging Strike 0-1: Ball 1-1: Ball 2-1: 2-RUN HOME RUN (Flyball, 78XD), Distance : 465 ft
|
Pitching: LHP Tomás Galván
|
|
Batting: RHB Héctor Rojas
|
0-0: Called Strike 0-1: Ground out 5-3 (Groundball, 5)
|
Batting: LHB Ralph Dunford
|
0-0: Ground out 4-3 (Groundball, 4)
|
Batting: LHB Lance Schiffer
|
0-0: Called Strike 0-1: Swinging Strike 0-2: Ball 1-2: Strikes out swinging
|
Top of the 8th over - 2 run(s), 2 hit(s), 0 error(s), 0 left on base; Hamilton 4 - Sioux Falls 1 |
TOP OF THE 9TH |
Hamilton Coyotes batting - Pitching for Sioux Falls Red Pandas : LHP Tomás Galván
|
Batting: RHB Dan Holliday
|
0-0: Foul Ball, location: 2F 0-1: Ground out 4-3 (Groundball, 4)
|
Batting: RHB Dan Bernard
|
0-0: Ball 1-0: Ball 2-0: Called Strike 2-1: Called Strike 2-2: Ball 3-2: Base on Balls
|
Batting: RHB Monty Sharp
|
0-0: Called Strike 0-1: Called Strike 0-2: Ball 1-2: Foul Ball, location: 2F 1-2: Grounds into double play, 6-4-3 (Groundball, 6M)
|
Top of the 9th over - 0 run(s), 0 hit(s), 0 error(s), 0 left on base; Hamilton 4 - Sioux Falls 1 |
BOTTOM OF THE 9TH |
Sioux Falls Red Pandas batting - Pitching for Hamilton Coyotes : RHP Jim Unknown
|
Pitching: RHP Albert Días
|
|
Now at 2B: Quinn Johnson
|
|
Batting: RHB Pancho Salaedo
|
0-0: Called Strike 0-1: Ball 1-1: Ball 2-1: Ball 3-1: Foul Ball, location: 2F 3-2: Foul Ball, location: 2F 3-2: Base on Balls
|
Batting: LHB Steve Riggs
|
0-0: Called Strike 0-1: Ball 1-1: Fly out, F8 (Popup, 8RS)
|
Batting: RHB Jesús Martínez
|
0-0: Called Strike 0-1: Foul Ball, location: 2F 0-2: Ball 1-2: Strikes out swinging
|
Batting: LHB Francisco Ornelas
|
0-0: Foul Ball, location: 2F 0-1: Foul Ball, location: 2F 0-2: Strikes out swinging
|
Bottom of the 9th over - 0 run(s), 0 hit(s), 0 error(s), 1 left on base; Hamilton 4 - Sioux Falls 1 |
|